 Dungeon Crawl Stone Soup version 0.27.0-1-g7a089689b8 (webtiles) character file.

Game seed: 17275338405531124242

772 ZARRMARR the Cleaver (level 7, -5/61 HPs)
             Began as a Hill Orc Monk on Aug 5, 2021.
             Slain by a hornet zombie (8 damage)
             ... on level 6 of the Dungeon.
             The game lasted 00:16:10 (6006 turns).

ZARRMARR the Cleaver (Hill Orc Monk)                Turns: 6006, Time: 00:16:10

Health: -5/61      AC:  4    Str: 16    XL:     7   Next: 83%
Magic:  7/7        EV: 13    Int: 10    God:
Gold:   198        SH:  0    Dex: 13    Spells: 6/6 levels left

rFire    . . .     SeeInvis .   a - +1 hand axe
rCold    . . .     Faith    .   (no shield)
rNeg     . . .     Spirit   .   b - +0 robe
rPois    .         Reflect  .   (no helmet)
rElec    .         Harm     .   (no cloak)
rCorr    .         Rampage  .   (no gloves)
Will     .....                  k - +1 pair of boots
Stlth    ++........             (no amulet)
HPRegen  0.20/turn              e - ring of flight
MPRegen  0.10/turn              (no ring)

@: flying
A: no striking features
a: no special abilities


You were on level 6 of the Dungeon.
You visited 1 branch of the dungeon, and saw 4 of its levels.
You also visited: Ossuary.

You collected 198 gold pieces.

Inventory:

Hand Weapons
 a - a +1 hand axe (weapon)
Missiles
 d - 16 stones (quivered)
 j - 2 boomerangs of dispersal
 l - 2 silver boomerangs
Armour
 b - a +0 robe (worn)
 k - a +1 pair of boots (worn)
Jewellery
 e - a ring of flight (left hand)
Wands
 s - a wand of acid (8)
 t - a wand of iceblast (9)
Scrolls
 c - 2 scrolls of enchant weapon
 f - a scroll of vulnerability
 h - a scroll of brand weapon {unknown}
 m - a scroll of noise
 n - 4 scrolls of teleportation {unknown}
Potions
 i - 2 potions of haste
 o - 2 potions of berserk rage {unknown}
 p - a potion of flight {unknown}
 q - a potion of lignification {unknown}
 r - 2 potions of degeneration {unknown}


   Skills:
 + Level 5.6 Fighting
 + Level 8.6 Axes
 + Level 1.5 Throwing
 + Level 3.9 Dodging
 + Level 2.6 Stealth


You had 6 spell levels left.
You didn't know any spells.
Your spell library contained the following spells:

 Spells                   Type           Power      Damage    Failure   Level
 Summon Small Mammal      Summ           0%         N/A       36%         1
 Sublimation of Blood     Necr           0%         N/A       50%         2
 Call Canine Familiar     Summ           0%         N/A       75%         3
 Summon Guardian Golem    Hex/Summ       0%         N/A       75%         3
 Petrify                  Tmut/Erth      0%         N/A       98%         4
 Irradiate                Conj/Tmut      0%         3d14      100%        5


Dungeon Overview and Level Annotations

Branches:
Dungeon (3/15)            Ossuary (visited)

Altars:


Message History

The hornet zombie hits you!
* * * LOW HITPOINT WARNING * * *
Unknown command.
Blink to where?
Press: ? - help, Dir - move target
As you read the scroll of blinking, it crumbles to dust.
Throw: 20 stones
Press: ? - help, Q - select action, (/) - cycle Shift-Dir - straight line, f - hornet zombie
Aim: a hornet zombie (severely damaged, 63% to hit)
You throw a stone.
The stone hits the hornet zombie but does no damage.
The hornet zombie is severely damaged.
Throw: 19 stones
Press: ? - help, Q - select action, (/) - cycle Shift-Dir - straight line, f/p - hornet zombie
Aim: a hornet zombie (severely damaged, 63% to hit)
You throw a stone. The stone hits the hornet zombie.
The hornet zombie is severely damaged.
Unknown command.
Throw: 18 stones
Press: ? - help, Q - select action, (/) - cycle Shift-Dir - straight line, f/p - hornet zombie
Aim: a hornet zombie (severely damaged, 63% to hit)
You throw a stone. The stone hits the hornet zombie.
The hornet zombie is severely damaged.
Unknown command.
Throw: 17 stones
Press: ? - help, Q - select action, (/) - cycle Shift-Dir - straight line, f/p - hornet zombie
Aim: a hornet zombie (severely damaged, 63% to hit)
You throw a stone. The stone hits the hornet zombie.
The hornet zombie is severely damaged.
Unknown command.
You hit the hornet zombie.
The hornet zombie is almost destroyed.
The hornet zombie completely misses you.
You hit the hornet zombie.
The hornet zombie is almost destroyed.
The hornet zombie barely misses you.
You hit the hornet zombie but do no damage.
The hornet zombie is almost destroyed.
The hornet zombie hits you!
You die...

##............#
...÷..........##
...............######
....................#
..................#.# #.
#...................#...
#...........÷.#.##....##
.........#...)..........
##...###.#.(#.(Z@.......
##### #.#......###.#.##
#.#(((###### ..
#<.......... .#
#.###.###### # ... ....
###. #.### .. .. .. ..


You could see a hornet zombie.

Vanquished Creatures
  A necrophage (D:6)
  3 elf zombies (Ossuary)
  5 centaur zombies (Ossuary)
  A jelly (D:3)
  An orc wizard (D:3)
  2 hound zombies (Ossuary)
  A hound skeleton (D:3)
  3 mummies (Ossuary)
  5 adders
  4 adder zombies (Ossuary)
  An adder skeleton (D:3)
  2 worms (D:3)
  3 dart slugs (D:1)
  8 orcs
  4 ball pythons
  9 endoplasms
  2 giant cockroaches
  2 gnoll zombies (Ossuary)
  5 goblins
  5 hobgoblins
  8 jackals
  5 kobolds
  2 quokkas (D:2)
  3 bats
  3 frilled lizards
  2 goblin zombies (Ossuary)
  5 hobgoblin zombies (Ossuary)
  3 jackal zombies (Ossuary)
  4 kobold zombies (Ossuary)
  6 quokka zombies (Ossuary)
  3 rats (D:1)
  2 rat zombies (Ossuary)
113 creatures vanquished.

Notes
Turn   | Place    | Note
-------+----------+-------------------------------------------
     0 | D:1      | ZARRMARR the Hill Orc Monk began the quest for the Orb.
     0 | D:1      | Reached XP level 1. HP: 19/19 MP: 1/1
   325 | D:1      | Reached XP level 2. HP: 27/27 MP: 2/2
   783 | D:1      | Found a faded altar of an unknown god.
   930 | D:1      | Reached XP level 3. HP: 31/33 MP: 3/3
  1362 | D:2      | Reached skill level 5 in Axes
  2184 | D:2      | Reached XP level 4. HP: 40/40 MP: 4/4
  3382 | D:3      | Reached XP level 5. HP: 23/47 MP: 5/5
  3640 | D:3      | Reached skill level 6 in Axes
  4538 | D:3      | You are sucked into a shaft and drop 3 floors!
  4549 | D:6      | Noticed a necrophage
  4565 | D:6      | Killed a necrophage
  4566 | D:6      | Reached skill level 7 in Axes
  4566 | D:6      | Reached XP level 6. HP: 47/55 MP: 6/6
  4598 | D:6      | Found a sand-covered staircase.
  4607 | Ossuary  | Entered an ossuary
  4770 | Ossuary  | Reached skill level 5 in Fighting
  4952 | Ossuary  | Reached skill level 1 in Throwing
  4952 | Ossuary  | Reached XP level 7. HP: 37/61 MP: 7/7
  5172 | Ossuary  | Reached skill level 8 in Axes
  5998 | D:6      | HP: 1/61 [hornet zombie (12)]
  6006 | D:6      | Slain by a hornet zombie

Illustrated notes

Levels and vault maps discovered:
D:1:      lemuel_arrival_behind_the_door_small, layout_loops_ring,
          hellmonk_ecumenical_altar_crossroads, hex_medium
D:2:      layout_basic
D:3:      layout_loops_ring
D:6:      layout_basic, lemuel_crystal_altar, enter_ossuary_1,
          nicolae_wand_duel, moated_statue, minmay_misc_feat_diagonals

Skill      XL: |  1  2  3  4  5  6  7 |
---------------+----------------------+-----
Fighting       | 4 5 |  5.6
Axes           | 5 7 8 |  8.6
Stealth        | 2 |  2.6
Dodging        | 3 |  3.9
Throwing       | 1 |  1.5

Action                   |  1- 3 |  4- 6 |  7- 9 || total
-------------------------+-------+-------+-------++-------
Melee: Hand axe          |   133 |   266 |   138 ||   537
Throw: Stone             |     1 |    81 |    15 ||    97
       Boomerang         |       |       |     2 ||     2
  Use: Scroll            |       |     7 |     1 ||     8
 Stab: Sleeping          |     1 |     1 |     2 ||     4
Armor: Robe              |    15 |    60 |    41 ||   116
Dodge: Dodged            |    92 |   141 |    81 ||   314
